TOP OF THE 1ST |
Columbus Clippers batting - Pitching for Rochester Red Wings : RHP Fernando Macias
|
Pitching: RHP Fernando Macias
|
|
Batting: RHB Tommy Baird
|
0-0: Called Strike 0-1: Called Strike 0-2: Hit by Pitch
|
Batting: RHB Carlos Lopez
|
0-0: Called Strike 0-1: Foul Ball, location: 2F 0-2: Strikes out swinging
|
Batting: LHB Norihide Takata
|
0-0: Called Strike 0-1: 2-RUN HOME RUN (Flyball, 89XD, EV 116.2 MPH), Distance : 440 ft
|
Batting: SHB Mike Gross
|
0-0: Ball 1-0: Called Strike 1-1: Foul Ball, location: 2F 1-2: Ball 2-2: Foul Ball, location: 2F 2-2: Reached on error, E5 (Groundball, 5L, EV 95.6 MPH)
|
Batting: LHB Doug Frampton
|
0-0: Ball 1-0: Ball 2-0: Ball 3-0: Called Strike 3-1: Base on Balls
|
Pitching: LHP Inkei Wakamatsu
|
|
Batting: SHB Joe Zeiset
|
0-0: Ball 1-0: Sac Bunt to 3S - play at first, batter OUT! 3-4 Mike Gross to third Doug Frampton to second
|
Batting: RHB Chris Folse
|
0-0: Called Strike 0-1: Ball 1-1: Foul Ball, location: 2F 1-2: Strikes out swinging
|
Top of the 1st over - 2 runs, 1 hit, 1 error, 2 left on base; Columbus 2 - Rochester 0 |
BOTTOM OF THE 1ST |
Rochester Red Wings batting - Pitching for Columbus Clippers : LHP John Roe
|
Pitching: LHP John Roe
|
|
Batting: RHB Brett Steele
|
0-0: Ball 1-0: Called Strike 1-1: Called Strike 1-2: Strikes out swinging
|
Batting: RHB Eric Narrow
|
0-0: Ball 1-0: Foul Ball, location: 2F 1-1: Ball 2-1: Foul Ball, location: 2F 2-2: SINGLE (Flyball, 5D, EV 94.4 MPH)
|
Batting: LHB Matt Patnaude
|
0-0: Ball 1-0: Ball 2-0: Called Strike 2-1: Called Strike 2-2: Strikes out looking
|
Batting: LHB Armando Rendon
|
0-0: Called Strike 0-1: Called Strike Eric Narrow steals 2nd, throwing error, E2 Eric Narrow to third 0-2: Foul Ball, location: 2F 0-2: Ground out 5-3 (Groundball, 5, EV 89.4 MPH)
|
Bottom of the 1st over - 0 runs, 1 hit, 1 error, 1 left on base; Columbus 2 - Rochester 0 |
TOP OF THE 2ND |
Columbus Clippers batting - Pitching for Rochester Red Wings : LHP Inkei Wakamatsu
|
Batting: LHB Jeremy DiGenova
|
0-0: Ball 1-0: Foul Ball, location: 2F 1-1: Foul Ball, location: 2F 1-2: Foul Ball, location: 2F 1-2: Fly out, F5 (Line Drive, 56, EV 87.5 MPH)
|
Batting: RHB Chris Diaz
|
0-0: Ball 1-0: Ball 2-0: Ball 3-0: Base on Balls
|
Batting: RHB Tommy Baird
|
0-0: Swinging Strike 0-1: Ball 1-1: Ball 2-1: Called Strike 2-2: Foul Ball, location: 2F 2-2: Ball 3-2: SINGLE (Groundball, 6M, EV 98.1 MPH) (infield hit) Chris Diaz to second
|
Pitching: RHP Isidro Aguirre
|
|
Batting: RHB Carlos Lopez
|
0-0: Called Strike 0-1: SINGLE (Groundball, 6MD, EV 96.2 MPH) Chris Diaz to third Tommy Baird to second Runner from 3rd tries for Home, SAFE, throw by CF to home
|
Batting: LHB Norihide Takata
|
0-0: Ball 1-0: Ball 2-0: Ball 3-0: Base on Balls Tommy Baird to third Carlos Lopez to second
|
Batting: SHB Mike Gross
|
0-0: Called Strike 0-1: Foul Ball, location: 2F 0-2: Ball 1-2: Foul Ball, location: 2F 1-2: Strikes out swinging
|
Batting: LHB Doug Frampton
|
0-0: Ball 1-0: Swinging Strike 1-1: Swinging Strike 1-2: Ball 2-2: Foul Ball, location: 2F 2-2: DOUBLE (Line Drive, 7LM, EV 103.1 MPH) Tommy Baird scores Carlos Lopez scores Norihide Takata to third Runner from 3rd tries for Home, SAFE, throw by LF to trailing runner, SAFE at third!
|
Batting: SHB Joe Zeiset
|
0-0: Foul Ball, location: 2F 0-1: Ball 1-1: Ball 2-1: Foul Ball, location: 2F 2-2: Foul Ball, location: 2F 2-2: DOUBLE (Line Drive, 78D, EV 108.1 MPH) Doug Frampton scores
|
Pitching: RHP Antonio Alcaraz
|
|
Batting: RHB Chris Folse
|
0-0: Hit by Pitch
|
Batting: LHB Jeremy DiGenova
|
0-0: Ball 1-0: Ball 2-0: Fielders Choice at 2nd, 5-4 (Groundball, 5, EV 81.2 MPH)
|
Top of the 2nd over - 5 runs, 4 hits, 0 errors, 2 left on base; Columbus 7 - Rochester 0 |
BOTTOM OF THE 2ND |
Rochester Red Wings batting - Pitching for Columbus Clippers : LHP John Roe
|
Batting: RHB Aaron Trotman
|
0-0: Ball 1-0: Foul Ball, location: 2F 1-1: Ball 2-1: Ground out 6-3 (Groundball, 6M, EV 93.1 MPH)
|
Batting: SHB Aaron Tatar
|
0-0: Called Strike 0-1: Ball 1-1: Ball 2-1: Fly out, F4 (Popup, 34S, EV 80.0 MPH)
|
Batting: RHB Joe Zimmerman
|
0-0: Foul Ball, location: 2F 0-1: Foul Ball, location: 2F 0-2: Ground out 6-3 (Groundball, 6, EV 102.5 MPH)
|
Bottom of the 2nd over - 0 runs, 0 hits, 0 errors, 0 left on base; Columbus 7 - Rochester 0 |
TOP OF THE 3RD |
Columbus Clippers batting - Pitching for Rochester Red Wings : RHP Antonio Alcaraz
|
Batting: RHB Chris Diaz
|
0-0: Called Strike 0-1: Ground out 5-3 (Groundball, 56S, EV 76.2 MPH)
|
Batting: RHB Tommy Baird
|
0-0: Ball 1-0: Foul Ball, location: 2F 1-1: Ball 2-1: Swinging Strike 2-2: Foul Ball, location: 2F 2-2: Foul Ball, location: 2F 2-2: Ball 3-2: SINGLE (Groundball, 4MS, EV 71.9 MPH) (infield hit)
|
Batting: RHB Carlos Lopez
|
0-0: Foul Ball, location: 2F 0-1: Foul Ball, location: 2F 0-2: DOUBLE (Line Drive, 7LM, EV 108.1 MPH) Tommy Baird to third Runner from 3rd tries for Home, SAFE, throw by LF to home
|
Batting: LHB Norihide Takata
|
0-0: Ball 1-0: Called Strike 1-1: Called Strike 1-2: 2-RUN HOME RUN (Flyball, 9LD, EV 95.0 MPH), Distance : 345 ft
|
Pitching: LHP Pete Zamarron
|
|
Batting: SHB Mike Gross
|
0-0: Swinging Strike 0-1: Ball 1-1: Swinging Strike 1-2: Ball 2-2: Ground out 4-3 (Groundball, 4, EV 80.0 MPH)
|
Batting: LHB Doug Frampton
|
0-0: Fly out, F8 (Line Drive, 8LM, EV 101.2 MPH)
|
Top of the 3rd over - 3 runs, 3 hits, 0 errors, 0 left on base; Columbus 10 - Rochester 0 |
BOTTOM OF THE 3RD |
Rochester Red Wings batting - Pitching for Columbus Clippers : LHP John Roe
|
Batting: LHB Shu-yen Guo
|
0-0: Ball 1-0: Called Strike 1-1: Ball 2-1: Fly out, F8 (Flyball, 8RS, EV 75.0 MPH)
|
Batting: RHB Cesar Yega
|
0-0: Ball 1-0: Ball 2-0: Fly out, F7 (Flyball, 78D, EV 85.0 MPH)
|
Batting: RHB Brett Steele
|
0-0: Ground out 5-3 (Groundball, 56S, EV 81.9 MPH)
|
Bottom of the 3rd over - 0 runs, 0 hits, 0 errors, 0 left on base; Columbus 10 - Rochester 0 |
TOP OF THE 4TH |
Columbus Clippers batting - Pitching for Rochester Red Wings : LHP Pete Zamarron
|
Batting: SHB Joe Zeiset
|
0-0: Ground out 5-3 (Groundball, 56, EV 78.8 MPH)
|
Batting: RHB Chris Folse
|
0-0: Foul Ball, location: 2F 0-1: Called Strike 0-2: Ball 1-2: Strikes out swinging
|
Batting: LHB Jeremy DiGenova
|
0-0: Ball 1-0: Called Strike 1-1: Foul Ball, location: 2F 1-2: Ball 2-2: Ball 3-2: SINGLE (Groundball, 34D, EV 101.2 MPH)
|
Batting: RHB Chris Diaz
|
0-0: Called Strike 0-1: Called Strike 0-2: Ball 1-2: Fly out, F2 (Popup, 3SF, EV 76.9 MPH)
|
Top of the 4th over - 0 runs, 1 hit, 0 errors, 1 left on base; Columbus 10 - Rochester 0 |
BOTTOM OF THE 4TH |
Rochester Red Wings batting - Pitching for Columbus Clippers : LHP John Roe
|
Batting: RHB Eric Narrow
|
0-0: Ball 1-0: Called Strike 1-1: Ball 2-1: Called Strike 2-2: Foul Ball, location: 2F 2-2: Ball 3-2: Hit by Pitch
|
Batting: LHB Matt Patnaude
|
0-0: Called Strike 0-1: Called Strike 0-2: Strikes out looking
|
Batting: LHB Armando Rendon
|
0-0: Foul Ball, location: 2F 0-1: Ball 1-1: Ball 2-1: Swinging Strike 2-2: SINGLE (Groundball, 34D, EV 98.1 MPH) Eric Narrow to second
|
Batting: RHB Aaron Trotman
|
0-0: Called Strike 0-1: Fly out, F7 (Line Drive, 78S, EV 93.8 MPH)
|
Batting: SHB Aaron Tatar
|
0-0: Foul Ball, location: 2F 0-1: Foul Ball, location: 2F 0-2: Foul Ball, location: 2F 0-2: Strikes out swinging
|
Bottom of the 4th over - 0 runs, 1 hit, 0 errors, 2 left on base; Columbus 10 - Rochester 0 |
TOP OF THE 5TH |
Columbus Clippers batting - Pitching for Rochester Red Wings : LHP Pete Zamarron
|
Pitching: RHP Matt Gray
|
|
Batting: RHB Tommy Baird
|
0-0: Ball 1-0: Ball 2-0: Ball 3-0: Called Strike 3-1: Base on Balls
|
Batting: RHB Carlos Lopez
|
0-0: Ball 1-0: Fly out, F8 (Flyball, 8LD, EV 93.1 MPH)
|
Batting: LHB Norihide Takata
|
0-0: Ball 1-0: Called Strike 1-1: Ball 2-1: Called Strike 2-2: Strikes out swinging
|
Batting: SHB Mike Gross
|
0-0: Ball 1-0: Swinging Strike 1-1: Ball 2-1: Foul Ball, location: 2F 2-2: Ball 3-2: Strikes out looking
|
Top of the 5th over - 0 runs, 0 hits, 0 errors, 1 left on base; Columbus 10 - Rochester 0 |
BOTTOM OF THE 5TH |
Rochester Red Wings batting - Pitching for Columbus Clippers : LHP John Roe
|
Batting: RHB Joe Zimmerman
|
0-0: Ball 1-0: Called Strike 1-1: Foul Ball, location: 2F 1-2: Ground out 5-3 (Groundball, 56S, EV 78.8 MPH)
|
Batting: LHB Shu-yen Guo
|
0-0: Foul Ball, location: 2F 0-1: Called Strike 0-2: Ball 1-2: Ground out 4-3 (Groundball, 4, EV 105.0 MPH)
|
Batting: RHB Cesar Yega
|
0-0: Called Strike 0-1: Foul Ball, location: 2F 0-2: Ball 1-2: Foul Ball, location: 2F 1-2: Ground out 6-3 (Groundball, 6, EV 104.4 MPH)
|
Bottom of the 5th over - 0 runs, 0 hits, 0 errors, 0 left on base; Columbus 10 - Rochester 0 |
TOP OF THE 6TH |
Columbus Clippers batting - Pitching for Rochester Red Wings : RHP Matt Gray
|
Pitching: RHP Harry Pratt
|
|
Batting: LHB Doug Frampton
|
0-0: Swinging Strike 0-1: Ground out U3 (Groundball, 13, EV 81.2 MPH)
|
Batting: SHB Joe Zeiset
|
0-0: Ball 1-0: SINGLE (Groundball, 25, EV 68.8 MPH) (infield hit)
|
Batting: RHB Chris Folse
|
0-0: Ball 1-0: Called Strike 1-1: Foul Ball, location: 2F 1-2: Strikes out swinging
|
Batting: LHB Jeremy DiGenova
|
0-0: Fly out, F7 (Flyball, 7LD, EV 101.9 MPH)
|
Top of the 6th over - 0 runs, 1 hit, 0 errors, 1 left on base; Columbus 10 - Rochester 0 |
BOTTOM OF THE 6TH |
Rochester Red Wings batting - Pitching for Columbus Clippers : LHP John Roe
|
Pitching: RHP Corey Rizzuto
|
|
Batting: RHB Brett Steele
|
0-0: Called Strike 0-1: Ground out 5-3 (Groundball, 56, EV 105.6 MPH)
|
Batting: RHB Eric Narrow
|
0-0: Ball 1-0: Swinging Strike 1-1: Ball 2-1: Ball 3-1: Ground out 5-3 (Groundball, 56, EV 108.8 MPH)
|
Batting: LHB Matt Patnaude
|
0-0: Called Strike 0-1: Fly out, F3 (Popup, 3F, EV 66.2 MPH)
|
Bottom of the 6th over - 0 runs, 0 hits, 0 errors, 0 left on base; Columbus 10 - Rochester 0 |
TOP OF THE 7TH |
Columbus Clippers batting - Pitching for Rochester Red Wings : RHP Harry Pratt
|
Batting: RHB Chris Diaz
|
0-0: Foul Ball, location: 2F 0-1: Called Strike 0-2: Ground out 3-1 (Groundball, 34, EV 91.9 MPH)
|
Batting: RHB Tommy Baird
|
0-0: Ball 1-0: Ball 2-0: Ball 3-0: Base on Balls
|
Pinch Hitting: RHB Michael Meyers
|
0-0: Ball 1-0: Called Strike 1-1: Ball 2-1: Swinging Strike 2-2: Ball 3-2: Base on Balls Tommy Baird to second
|
Pitching: LHP Angel Vidaurri
|
|
Batting: LHB Norihide Takata
|
0-0: Called Strike 0-1: Ball 1-1: Swinging Strike 1-2: Strikes out swinging
|
Batting: SHB Mike Gross
|
0-0: Ball 1-0: Called Strike 1-1: Ground out 4-3 (Groundball, 4, EV 92.5 MPH)
|
Top of the 7th over - 0 runs, 0 hits, 0 errors, 2 left on base; Columbus 10 - Rochester 0 |
BOTTOM OF THE 7TH |
Rochester Red Wings batting - Pitching for Columbus Clippers : RHP Corey Rizzuto
|
Now at 3B: Michael Meyers
|
|
Now at SS: Chris Diaz
|
|
Batting: LHB Armando Rendon
|
0-0: Fly out, F3 (Line Drive, 3, EV 70.0 MPH)
|
Batting: RHB Aaron Trotman
|
0-0: Ball 1-0: Ball 2-0: Ball 3-0: Called Strike 3-1: Called Strike 3-2: Strikes out swinging
|
Batting: SHB Aaron Tatar
|
0-0: Called Strike 0-1: Ball 1-1: Swinging Strike 1-2: Ball 2-2: Strikes out looking
|
Bottom of the 7th over - 0 runs, 0 hits, 0 errors, 0 left on base; Columbus 10 - Rochester 0 |
TOP OF THE 8TH |
Columbus Clippers batting - Pitching for Rochester Red Wings : LHP Angel Vidaurri
|
Batting: LHB Doug Frampton
|
0-0: Ball 1-0: Foul Ball, location: 2F 1-1: Ball 2-1: SINGLE (Groundball, 4M, EV 100.6 MPH)
|
Batting: SHB Joe Zeiset
|
0-0: Ball 1-0: Bunted foul 1-1: Ball 2-1: Bunted foul 2-2: Sac Bunt to 3S - play at first, batter OUT! 3-4 Doug Frampton to second
|
Batting: RHB Chris Folse
|
0-0: Ball 1-0: Called Strike 1-1: Swinging Strike 1-2: Fly out, F7 (Flyball, 7LD, EV 90.6 MPH)
|
Pitching: RHP Steve Roepke
|
|
Batting: LHB Jeremy DiGenova
|
0-0: Ball 1-0: Ball 2-0: SINGLE (Flyball, 56D, EV 94.4 MPH) Doug Frampton to third
|
Batting: RHB Chris Diaz
|
0-0: Called Strike 0-1: Ball 1-1: Ball 2-1: Called Strike 2-2: Foul Ball, location: 2F 2-2: Ball 3-2: Base on Balls Jeremy DiGenova to second
|
Batting: RHB Tommy Baird
|
0-0: Called Strike 0-1: Ball 1-1: Foul Ball, location: 2F 1-2: Ball 2-2: Foul Ball, location: 2F 2-2: Ball Wild Pitch! Doug Frampton scores Jeremy DiGenova to third Chris Diaz to second 3-2: Base on Balls
|
Batting: RHB Michael Meyers
|
0-0: Ball 1-0: Ball 2-0: Ball 3-0: Called Strike 3-1: Fly out, F8 (Flyball, 8LS, EV 73.8 MPH)
|
Top of the 8th over - 1 run, 2 hits, 0 errors, 3 left on base; Columbus 11 - Rochester 0 |
BOTTOM OF THE 8TH |
Rochester Red Wings batting - Pitching for Columbus Clippers : RHP Corey Rizzuto
|
Batting: RHB Joe Zimmerman
|
0-0: Swinging Strike 0-1: Swinging Strike 0-2: Strikes out looking
|
Batting: LHB Shu-yen Guo
|
0-0: Foul Ball, location: 2F 0-1: Swinging Strike 0-2: Ball 1-2: Foul Ball, location: 2F 1-2: Ball 2-2: Ball 3-2: Fly out, F6 (Line Drive, 6, EV 68.8 MPH)
|
Pinch Hitting: RHB Gustavo Mendiola
|
0-0: Ball 1-0: Ball 2-0: Ball 3-0: Called Strike 3-1: Base on Balls
|
Pitching: RHP Risto Pandev
|
|
Batting: RHB Brett Steele
|
0-0: Ball 1-0: Called Strike 1-1: Ball 2-1: Called Strike 2-2: Ball 3-2: Ground out 4-3 (Groundball, 4, EV 86.9 MPH)
|
Bottom of the 8th over - 0 runs, 0 hits, 0 errors, 1 left on base; Columbus 11 - Rochester 0 |
TOP OF THE 9TH |
Columbus Clippers batting - Pitching for Rochester Red Wings : RHP Steve Roepke
|
Now in LF: Gustavo Mendiola
|
|
Batting: LHB Norihide Takata
|
0-0: Ball 1-0: Ball 2-0: Ball 3-0: Base on Balls
|
Batting: SHB Mike Gross
|
0-0: Called Strike 0-1: Ball 1-1: Ball 2-1: Fielders Choice at 2nd, 3-6 (Groundball, 3, EV 97.5 MPH)
|
Batting: LHB Doug Frampton
|
0-0: Foul Ball, location: 2F 0-1: Ball 1-1: Ball 2-1: Ball 3-1: Swinging Strike 3-2: Base on Balls Mike Gross to second
|
Batting: SHB Joe Zeiset
|
0-0: Sac Bunt to 25 - play at first, batter OUT! 5-3 Mike Gross to third Doug Frampton to second
|
Batting: RHB Chris Folse
|
0-0: Ball 1-0: Ball 2-0: Swinging Strike 2-1: Foul Ball, location: 2F 2-2: Foul Ball, location: 2F 2-2: Ball 3-2: Base on Balls
|
Batting: LHB Jeremy DiGenova
|
0-0: Ball 1-0: Called Strike 1-1: Foul Ball, location: 2F 1-2: DOUBLE (Line Drive, 5D, EV 98.1 MPH) Mike Gross scores Doug Frampton scores Chris Folse to third Runner from 3rd tries for Home, SAFE, throw by LF to home
|
Pitching: RHP Takashi Yamada
|
|
Batting: RHB Chris Diaz
|
0-0: Ball 1-0: Foul Ball, location: 2F 1-1: Ball 2-1: Ball 3-1: TRIPLE (Line Drive, 89XD, EV 105.0 MPH) Jeremy DiGenova scores
|
Batting: RHB Tommy Baird
|
0-0: Ball 1-0: Fly out, F7 (Flyball, 7LM, EV 83.8 MPH)
|
Top of the 9th over - 4 runs, 2 hits, 0 errors, 1 left on base; Columbus 15 - Rochester 0 |
BOTTOM OF THE 9TH |
Rochester Red Wings batting - Pitching for Columbus Clippers : RHP Risto Pandev
|
Batting: RHB Eric Narrow
|
0-0: Ground out U3 (Groundball, 34S, EV 88.8 MPH)
|
Batting: LHB Matt Patnaude
|
0-0: Ground out 1-3 (Groundball, 34S, EV 66.2 MPH)
|
Batting: LHB Armando Rendon
|
0-0: Ball 1-0: Called Strike 1-1: Ground out 4-3 (Groundball, 4, EV 82.5 MPH)
|
Bottom of the 9th over - 0 runs, 0 hits, 0 errors, 0 left on base; Columbus 15 - Rochester 0 |
|